 Dungeon Crawl Stone Soup version 0.29.0-4-gdea44cf6ec (webtiles) character file.

Game seed: 15629375439587559396

15136 qw the Blocker (level 11, -2/102 HPs)
             Began as a Troll Cinder Acolyte on Sept 1, 2022.
             Was a Follower of Ignis.
             Slain by a cane toad (17 damage)
             ... on level 1 of the Lair of Beasts.
             The game lasted 00:05:53 (9809 turns).

qw the Blocker (Troll Cinder Acolyte)               Turns: 9809, Time: 00:05:53

Health: -2/102     AC: 17    Str: 25    XL:     11   Next: 97%
Magic:  11/11      EV:  7    Int: 10    God:    Ignis [*.....]
Gold:   712        SH: 20    Dex:  5    Spells: 12/12 levels left

rFire   + . .      SeeInvis .     - Unarmed
rCold   . . .      Faith    .   h - +0 tower shield
rNeg    + . .      Spirit   .   f - +1 acid dragon scales
rPois   +          Reflect  +   (helmet restricted)
rElec   +          Harm     .   l - +0 cloak of Feasting {rElec rPois rN+ Str-3}
rCorr   +          Rampage  .   (gloves unavailable)
Will    .....                   (boots unavailable)
Stlth   ..........              d - amulet of the Enemy {Reflect Slay+5 SH+5}
HPRegen 1.07/turn               (no ring)
MPRegen 0.12/turn               (no ring)

@: about to teleport, fiery-armoured
A: large, unfitting armour, claws 3, regeneration 1, shaggy fur 1, tough skin 1
a: Renounce Religion, Fiery Armour, Foxfire Swarm, Rising Flame


You were on level 1 of the Lair of Beasts.
You worshipped Ignis.
Ignis was aware of your devotion.
You visited 2 branches of the dungeon, and saw 12 of its levels.

You collected 712 gold pieces.


Innate Abilities, Weirdness & Mutations

You are too large for most types of armour.
You have claws for hands.
Your natural rate of healing is unusually fast.
You are covered in fur. (AC +1)
You have tough skin. (AC +1)


   Skills:
 - Level 5.0 Fighting
 - Level 4.1 Throwing
 - Level 2.3 Armour
 - Level 1.2 Dodging
 + Level 12.3 Shields
 - Level 12.2 Unarmed Combat
 - Level 1.0 Spellcasting
 - Level 2.1 Fire Magic


You had 12 spell levels left.
You didn't know any spells.
Your spell library contained the following spells:

 Spells                   Type           Power      Damage    Failure   Level
 Scorch                   Fire           8%         2d5       65%         2

Inventory:

Missiles
 m - a large rock (quivered)
 p - a boomerang
Armour
 e - a +2 robe of fire resistance
 f - +1 acid dragon scales (worn)
 h - a +0 tower shield (worn)
 l - the +0 cloak of Feasting (worn) {rElec rPois rN+ Str-3}
   (You found it on level 2 of the Dungeon)

   Str:       It affects your strength (-3).
   rElec:     It insulates you from electricity.
   rPois:     It protects you from poison.
   rN:        It protects you from negative energy.
Jewellery
 d - the amulet of the Enemy (around neck) {Reflect Slay+5 SH+5}
   (You acquired it on level 2 of the Dungeon)

   [amulet of reflection]

   It reflects blocked missile attacks.
   Slay:      It affects your accuracy & damage with ranged weapons and melee
   (+5).
   SH:        It affects your SH (+5).
Wands
 a - a wand of digging (8)
Scrolls
 g - 3 scrolls of identify
 j - 3 scrolls of teleportation
 k - a scroll of enchant weapon
Potions
 b - 2 potions of might
 c - 6 potions of curing
 i - 2 potions of haste
 o - a potion of mutation

Dungeon Overview and Level Annotations

Branches:
Dungeon (11/15)            Temple (0/1) D:5            Lair (1/5) D:11
    Orc (0/2) D:10

Altars:
Dithmenos
Gozag
Kikubaaqudgha
Qazlal
Sif Muna
Uskayaw
Vehumet
Xom
Zin

Annotations:
D:10 4 transporters
Lair:1 qw's ghost, journeyman TrCA


Message History

You block the blink frog's attack. The cane toad closely misses you.
The blink frog blinks!
You block the komodo dragon's attack. The blink frog hits you!
The blink frog is burned by your cloak of flames.
The blink frog is heavily wounded.
The blink frog blinks!
You block the blink frog's attack. You block the cane toad's attack.
You mangle the cane toad!!
The cane toad is severely wounded.
The blink frog blinks!
You block the komodo dragon's attack.
The blink frog blinks!
You block the cane toad's attack.
You scratch the cane toad.
The cane toad is almost dead.
The blink frog barely misses you. The blink frog hits you.
The blink frog is burned by your cloak of flames.
The blink frog is lightly wounded.
You block the cane toad's attack. The komodo dragon bites you!!
The komodo dragon is burned by your cloak of flames.
The komodo dragon is lightly wounded.
9806 ||| READING 4 scrolls of teleportation.
As you read the scroll of teleportation, it crumbles to dust.
You feel strangely unstable.
The blink frog blinks!
You block the blink frog's attack. x2
The blink frog blinks!
You block the cane toad's attack. You block the komodo dragon's attack.
The blink frog blinks! x2
9807 ||| DRINKING potion of heal wounds.
You feel much better.
The blink frog blinks!
The cane toad stings you!
The blink frog blinks!
You block the blink frog's attack. You block the komodo dragon's attack.
You scratch the cane toad.
The cane toad is almost dead.
You block the blink frog's attack. You block the cane toad's attack.
The blink frog blinks!
The komodo dragon bites you!!
The komodo dragon is burned by your cloak of flames.
The komodo dragon is lightly wounded.
The blink frog barely misses you.
9809 ||| Stepping ~*~*~tactically~*~*~ (outnumbered).
You block the blink frog's attack.
The blink frog blinks!
The cane toad stings you!
You die...

#.....>...#............#
#%........#..#.........##
..........'..#..........#
'.........####.........##
#..........# #.##+#..###
.....####### ####....#
.##..# #######.###
####... #..F.FF...# #
###. ###.F@l¤F...# #
....¤..FF¤%...#
...#...$......# .#
##.......F.# #.......F.#
#^!...(¤..# #.........#
#.....(.... #........#(..


You could see a komodo dragon, a cane toad and 8 blink frogs.

Vanquished Creatures
  A boulder beetle (D:11)
  2 two-headed ogres
  Nergalle (Lair:1)
  A manticore (D:11)
  A cyclops (D:8)
  Psyche (D:10)
  2 unseen horrors
  A rime drake (Lair:1)
  2 trolls
  A blink frog (Lair:1)
  2 wyverns
  2 wraiths (D:10)
  22 yaks
  A steam dragon (D:7)
  6 vampire mosquitoes
  2 wargs (D:11)
  2 two-headed ogre zombies (D:10)
  3 water moccasins
  An acid dragon (D:11)
  2 sky beasts
  2 orc warriors
  A black bear (D:5)
  3 ice beasts
  3 wolves (Lair:1)
  An ogre (D:4)
  4 centaurs
  2 kobold brigands
  2 elf zombies (D:7)
  A phantom (D:10)
  An elf skeleton (D:7)
  A scorpion (D:6)
  5 bullfrogs
  A necrophage (D:6)
  A gnoll sergeant (D:7)
  9 wights
  11 killer bees
  6 howler monkeys
  5 jellies
  7 hounds
  A gnoll bouda (D:4)
  11 orc priests
  Jessica (D:3)
  Terence (D:2)
  2 iguanas (D:4)
  12 orc wizards
  A human skeleton (D:7)
  A statue (D:9)
  6 ogre zombies (D:10)
  4 gnolls (D:7)
  8 adders
  3 shadow imps
  2 ufetubi
  5 worms
  3 dart slugs
  41 orcs
  5 endoplasms
  2 giant cockroaches (D:2)
  6 goblins
  5 hobgoblins
  3 jackals
  17 kobolds
  A quokka (D:3)
  6 ball pythons
  4 bats
  5 frilled lizards
  A goblin skeleton (D:10)
  2 goblin zombies (D:10)
  A hobgoblin skeleton (D:10)
  4 hobgoblin zombies (D:10)
  3 orc skeletons
  16 orc zombies (D:10)
  5 rats
310 creatures vanquished.

Vanquished Creatures (others)
  A human (D:4)
  2 fungi (Lair:1)
  4 plants
7 creatures vanquished.

Grand Total: 317 creatures vanquished

Notes
Turn   | Place    | Note
-------+----------+-------------------------------------------
     0 | D:1      | qw the Troll Cinder Acolyte began the quest for the Orb.
     0 | D:1      | Reached XP level 1. HP: 22/22 MP: 1/1
     0 | D:1      | 0 ||| qw: Version: 0.1-a-97-g2dd2ca4
     0 | D:1      | 0 ||| qw: Game counter: 4728
     0 | D:1      | 0 ||| qw: Always use a shield: true
     0 | D:1      | 0 ||| qw: God list: Okawaru
     0 | D:1      | 0 ||| qw: Allow faded altars: false
     0 | D:1      | 0 ||| qw: Do Orc after D:15 true
     0 | D:1      | 0 ||| qw: Do second Lair branch before Depths: true
     0 | D:1      | 0 ||| qw: Lair rune preference: random
     0 | D:1      | 0 ||| qw: Plans: Normal
     0 | D:1      | 0 ||| PLANNING D:1-11
    55 | D:1      | Found a faded altar of an unknown god.
   394 | D:1      | 394 ||| Stepping ~*~*~tactically~*~*~ (stealth).
   401 | D:1      | Reached XP level 2. HP: 26/29 MP: 2/2
   915 | D:1      | 915 ||| READING scroll labelled LOIGYTUAKE.
   919 | D:1      | 919 ||| READING 2 scrolls labelled MUMISCH WOEKEI.
   920 | D:1      | 920 ||| DRINKING 2 red potions.
   921 | D:1      | 921 ||| DROPPING potion of brilliance.
   922 | D:1      | 922 ||| DROPPING scroll of immolation.
  1000 | D:2      | 1000 ||| Stepping ~*~*~tactically~*~*~ (stealth).
  1011 | D:2      | Reached XP level 3. HP: 33/36 MP: 3/3
  1083 | D:2      | 1083 ||| Stepping ~*~*~tactically~*~*~ (outnumbered).
  1084 | D:2      | 1084 ||| Stepping ~*~*~tactically~*~*~ (outnumbered).
  1089 | D:2      | 1089 ||| Stepping ~*~*~tactically~*~*~ (outnumbered).
  1160 | D:2      | Noticed Terence
  1173 | D:2      | 1173 ||| Stepping ~*~*~tactically~*~*~ (stealth).
  1174 | D:2      | 1174 ||| INVOKING Fiery Armour.
  1178 | D:2      | Killed Terence
  1242 | D:2      | Reached XP level 4. HP: 44/44 MP: 4/4
  1322 | D:2      | 1322 ||| Stepping ~*~*~tactically~*~*~ (hiding).
  1330 | D:2      | 1330 ||| Stepping ~*~*~tactically~*~*~ (outnumbered).
  1655 | D:2      | Identified the +0 cloak of Feasting {rElec rPois rN+ Str-3}
  1660 | D:2      | 1660 ||| UPGRADING to +0 cloak of Feasting {rElec rPois rN+
                  | Str-3}.
  1665 | D:2      | 1665 ||| UPGRADING to amulet of the acrobat.
  1670 | D:2      | 1670 ||| READING scroll labelled NADOM MEIPH.
  1670 | D:2      | Identified a scroll of acquirement
  1670 | D:2      | 1670 ||| ACQUIRING amulet of the Enemy {Reflect Slay+5
                  | SH+5}
  1670 | D:2      | Acquired the amulet of the Enemy {Reflect Slay+5 SH+5}
  1672 | D:2      | 1672 ||| UPGRADING to amulet of the Enemy {Reflect Slay+5
                  | SH+5}.
  1682 | D:2      | 1682 ||| DROPPING amulet of the acrobat.
  1683 | D:2      | 1683 ||| READING scroll labelled JOLOEH OF EMIX.
  1684 | D:2      | 1684 ||| READING scroll labelled SEAKHLA KAFUTO.
  1685 | D:2      | 1685 ||| READING scroll labelled ZOHEATT YCUQ.
  1686 | D:2      | 1686 ||| READING 2 scrolls labelled OFESTY ARPHOU.
  1705 | D:2      | 1705 ||| READING scroll labelled JIZXID OZINEC.
  1706 | D:2      | 1706 ||| DRINKING 2 silvery potions.
  1707 | D:2      | 1707 ||| DROPPING scroll of torment.
  1789 | D:3      | 1789 ||| Stepping ~*~*~tactically~*~*~ (stealth).
  2026 | D:3      | Reached XP level 5. HP: 50/50 MP: 5/5
  2040 | D:3      | Found a glowing silver altar of Zin.
  2320 | D:3      | Noticed Jessica
  2324 | D:3      | 2324 ||| FLEEEEING.
  2325 | D:3      | 2325 ||| FLEEEEING.
  2326 | D:3      | 2326 ||| FLEEEEING.
  2327 | D:3      | 2327 ||| FLEEEEING.
  2328 | D:3      | 2328 ||| FLEEEEING.
  2329 | D:3      | 2329 ||| FLEEEEING.
  2583 | D:3      | Found a shimmering blue altar of Sif Muna.
  2585 | D:3      | 2585 ||| FLEEEEING.
  2586 | D:3      | 2586 ||| FLEEEEING.
  2587 | D:3      | 2587 ||| FLEEEEING.
  2588 | D:3      | 2588 ||| FLEEEEING.
  2589 | D:3      | 2589 ||| FLEEEEING.
  2601 | D:3      | Killed Jessica
  2602 | D:3      | Reached skill level 6 in Unarmed Combat
  2826 | D:3      | 2826 ||| Stepping ~*~*~tactically~*~*~ (stealth).
  2829 | D:3      | 2829 ||| Stepping ~*~*~tactically~*~*~ (stealth).
  2843 | D:3      | Found a hide-covered altar of Uskayaw.
  2952 | D:3      | 2952 ||| READING scroll labelled YPOIJO WUAWA.
  2953 | D:3      | 2953 ||| DRINKING 2 purple potions.
  2954 | D:3      | 2954 ||| READING 2 scrolls of identify.
  2954 | D:3      | 2954 ||| IDENTIFYING clear potion
  2955 | D:3      | 2955 ||| DROPPING potion of flight.
  3011 | D:4      | Found an opulent altar of Gozag.
  3011 | D:4      | Found a shadowy altar of Dithmenos.
  3013 | D:4      | 3013 ||| Stepping ~*~*~tactically~*~*~ (stealth).
  3015 | D:4      | 3015 ||| Stepping ~*~*~tactically~*~*~ (stealth).
  3017 | D:4      | 3017 ||| Stepping ~*~*~tactically~*~*~ (stealth).
  3019 | D:4      | 3019 ||| Stepping ~*~*~tactically~*~*~ (stealth).
  3021 | D:4      | 3021 ||| Stepping ~*~*~tactically~*~*~ (stealth).
  3023 | D:4      | 3023 ||| Stepping ~*~*~tactically~*~*~ (stealth).
  3025 | D:4      | 3025 ||| Stepping ~*~*~tactically~*~*~ (stealth).
  3027 | D:4      | 3027 ||| Stepping ~*~*~tactically~*~*~ (stealth).
  3029 | D:4      | 3029 ||| Stepping ~*~*~tactically~*~*~ (stealth).
  3031 | D:4      | 3031 ||| Stepping ~*~*~tactically~*~*~ (stealth).
  3033 | D:4      | 3033 ||| Stepping ~*~*~tactically~*~*~ (stealth).
  3035 | D:4      | 3035 ||| Stepping ~*~*~tactically~*~*~ (stealth).
  3036 | D:4      | 3036 ||| Stepping ~*~*~tactically~*~*~ (stealth).
  3460 | D:4      | Found an ancient bone altar of Kikubaaqudgha.
  3464 | D:4      | Noticed a human
  3467 | D:4      | Killed a human
  3525 | D:4      | Noticed a sky beast
  3541 | D:4      | Killed a sky beast
  3542 | D:4      | Reached XP level 6. HP: 49/59 MP: 6/6
  3788 | D:4      | 3788 ||| READING scroll labelled XAJUUPN GOMN.
  3789 | D:4      | 3789 ||| READING scroll labelled QEBADW MOZILO.
  3790 | D:4      | 3790 ||| READING scroll labelled CIUSTR DUNULU.
  3803 | D:5      | Entered Level 5 of the Dungeon
  3843 | D:5      | 3843 ||| Stepping ~*~*~tactically~*~*~ (stealth).
  3844 | D:5      | 3844 ||| Stepping ~*~*~tactically~*~*~ (stealth).
  3852 | D:5      | 3852 ||| Stepping ~*~*~tactically~*~*~ (stealth).
  3855 | D:5      | 3855 ||| Stepping ~*~*~tactically~*~*~ (stealth).
  3866 | D:5      | 3866 ||| Stepping ~*~*~tactically~*~*~ (hiding).
  3966 | D:5      | 3966 ||| Stepping ~*~*~tactically~*~*~ (stealth).
  3999 | D:5      | 3999 ||| Stepping ~*~*~tactically~*~*~ (stealth).
  4054 | D:5      | Noticed an ice beast
  4061 | D:5      | Killed an ice beast
  4062 | D:5      | Reached XP level 7. HP: 66/66 MP: 7/7
  4229 | D:5      | Reached skill level 3 in Fighting
  4248 | D:5      | Found a stormy altar of Qazlal.
  4250 | D:5      | Noticed a water elemental
  4251 | D:5      | Noticed a fire elemental
  4251 | D:5      | Noticed an air elemental
  4340 | D:5      | 4340 ||| Stepping ~*~*~tactically~*~*~ (hiding).
  4342 | D:5      | 4342 ||| Stepping ~*~*~tactically~*~*~ (stealth).
  4344 | D:5      | 4344 ||| INVOKING Fiery Armour.
  4349 | D:5      | 4349 ||| Stepping ~*~*~tactically~*~*~ (outnumbered).
  4352 | D:5      | Reached skill level 9 in Unarmed Combat
  4360 | D:5      | Reached skill level 1 in Dodging
  4364 | D:5      | Reached XP level 8. HP: 68/75 MP: 8/8
  4407 | D:5      | 4407 ||| Stepping ~*~*~tactically~*~*~ (stealth).
  4551 | D:5      | Found a staircase to the Ecumenical Temple.
  4553 | D:5      | 4553 ||| READING scroll labelled OLOXTAM KI PYEM.
  4559 | D:5      | 4559 ||| Stepping ~*~*~tactically~*~*~ (outnumbered).
  4560 | D:5      | 4560 ||| Stepping ~*~*~tactically~*~*~ (outnumbered).
  4561 | D:5      | 4561 ||| Stepping ~*~*~tactically~*~*~ (outnumbered).
  4625 | D:5      | 4625 ||| READING scroll labelled KEAGEBBIGUI.
  4626 | D:5      | 4626 ||| READING 2 scrolls of identify.
  4626 | D:5      | 4626 ||| IDENTIFYING bubbling pink potion
  4627 | D:5      | 4627 ||| DROPPING potion of ambrosia.
  5014 | D:6      | 5014 ||| Stepping ~*~*~tactically~*~*~ (hiding).
  5019 | D:6      | 5019 ||| INVOKING Fiery Armour.
  5208 | D:6      | 5208 ||| Stepping ~*~*~tactically~*~*~ (hiding).
  5215 | D:6      | 5215 ||| INVOKING Fiery Armour.
  5746 | D:6      | 5746 ||| UPGRADING to +2 robe of fire resistance.
  5756 | D:6      | 5756 ||| DROPPING +0 robe.
  5757 | D:6      | 5757 ||| READING scroll labelled ULLUCW LIDIF.
  5784 | D:7      | 5784 ||| PLANNING OSSUARY
  5798 | D:7      | Reached XP level 9. HP: 84/84 MP: 9/9
  5829 | D:7      | 5829 ||| Stepping ~*~*~tactically~*~*~ (stealth).
  5852 | D:7      | 5852 ||| Stepping ~*~*~tactically~*~*~ (stealth).
  5857 | D:7      | 5857 ||| Stepping ~*~*~tactically~*~*~ (hiding).
  5876 | D:7      | 5876 ||| INVOKING Fiery Armour.
  5929 | D:7      | Found a shimmering altar of Xom.
  5930 | D:7      | Found a shimmering altar of Xom.
  5930 | D:7      | Found a shimmering altar of Xom.
  5931 | D:7      | Found a shimmering altar of Xom.
  5931 | D:7      | Found a shimmering altar of Xom.
  5931 | D:7      | Found a shimmering altar of Xom.
  5952 | D:7      | 5952 ||| Stepping ~*~*~tactically~*~*~ (hiding).
  5953 | D:7      | 5953 ||| Stepping ~*~*~tactically~*~*~ (hiding).
  5961 | D:7      | Reached skill level 12 in Unarmed Combat
  5966 | D:7      | 5966 ||| Stepping ~*~*~tactically~*~*~ (stealth).
  6077 | D:7      | 6077 ||| Stepping ~*~*~tactically~*~*~ (hiding).
  6208 | D:7      | 6208 ||| Stepping ~*~*~tactically~*~*~ (stealth).
  6210 | D:7      | 6210 ||| Stepping ~*~*~tactically~*~*~ (hiding).
  6211 | D:7      | 6211 ||| Stepping ~*~*~tactically~*~*~ (hiding).
  6418 | D:7      | 6418 ||| RIP OSSUARY
  6442 | D:7      | 6442 ||| PLANNING D:1-11
  6488 | D:7      | 6488 ||| UPGRADING to +0 kite shield.
  6493 | D:7      | 6493 ||| UPGRADING to +0 tower shield.
  6503 | D:7      | 6503 ||| DROPPING +0 kite shield.
  6523 | D:8      | Noticed a cyclops
  6524 | D:8      | Reached skill level 1 in Shields
  6536 | D:8      | Killed a cyclops
  6537 | D:8      | Reached skill level 3 in Shields
  6617 | D:8      | 6617 ||| Stepping ~*~*~tactically~*~*~ (hiding).
  6618 | D:8      | 6618 ||| Stepping ~*~*~tactically~*~*~ (hiding).
  6625 | D:8      | 6625 ||| Stepping ~*~*~tactically~*~*~ (outnumbered).
  6645 | D:8      | 6645 ||| INVOKING Fiery Armour.
  6648 | D:8      | 6648 ||| Stepping ~*~*~tactically~*~*~ (stealth).
  6655 | D:8      | 6655 ||| Stepping ~*~*~tactically~*~*~ (stealth).
  6731 | D:8      | 6731 ||| Stepping ~*~*~tactically~*~*~ (stealth).
  6734 | D:8      | 6734 ||| Stepping ~*~*~tactically~*~*~ (hiding).
  6735 | D:8      | 6735 ||| Stepping ~*~*~tactically~*~*~ (hiding).
  6736 | D:8      | 6736 ||| Stepping ~*~*~tactically~*~*~ (hiding).
  6983 | D:9      | 6983 ||| STAIRDANCE
  7000 | D:9      | Found a radiant altar of Vehumet.
  7001 | D:9      | 7001 ||| INVOKING Fiery Armour.
  7055 | D:9      | Reached skill level 1 in Throwing
  7063 | D:9      | Reached XP level 10. HP: 96/96 MP: 10/10
  7066 | D:9      | 7066 ||| Stepping ~*~*~tactically~*~*~ (outnumbered).
  7067 | D:9      | 7067 ||| Stepping ~*~*~tactically~*~*~ (outnumbered).
  7077 | D:9      | Noticed a two-headed ogre
  7086 | D:9      | Killed a two-headed ogre
  7087 | D:9      | Reached skill level 6 in Shields
  7131 | D:9      | 7131 ||| Stepping ~*~*~tactically~*~*~ (stealth).
  7132 | D:9      | 7132 ||| Stepping ~*~*~tactically~*~*~ (stealth).
  7134 | D:9      | 7134 ||| Stepping ~*~*~tactically~*~*~ (stealth).
  7135 | D:9      | 7135 ||| INVOKING Fiery Armour.
  7136 | D:9      | 7136 ||| Stepping ~*~*~tactically~*~*~ (outnumbered).
  7137 | D:9      | 7137 ||| Stepping ~*~*~tactically~*~*~ (outnumbered).
  7138 | D:9      | 7138 ||| Stepping ~*~*~tactically~*~*~ (outnumbered).
  7143 | D:9      | 7143 ||| Stepping ~*~*~tactically~*~*~ (outnumbered).
  7185 | D:9      | Reached skill level 9 in Shields
  7252 | D:9      | 7252 ||| Stepping ~*~*~tactically~*~*~ (hiding).
  7594 | D:9      | 7594 ||| READING scroll labelled LEOM SEGUTHRYT.
  7595 | D:9      | 7595 ||| DRINKING 2 inky potions.
  7596 | D:9      | 7596 ||| DRINKING 2 yellow potions.
  7597 | D:9      | 7597 ||| DRINKING 2 glowing emerald potions.
  7598 | D:9      | 7598 ||| DROPPING potion of degeneration.
  7599 | D:9      | 7599 ||| DROPPING potion of attraction.
  7606 | D:10     | Entered Level 10 of the Dungeon
  7609 | D:10     | Found a transporter.
  7630 | D:10     | 7630 ||| Stepping randomly (disturbance).
  7698 | D:10     | HP: 23/96 [something (5)]
  7703 | D:10     | HP: 20/96 [something (6)]
  7709 | D:10     | HP: 18/96 [something (6)]
  7714 | D:10     | HP: 7/96 [something (6)]
  7715 | D:10     | HP: 3/96 [something (5)]
  7752 | D:10     | 7752 ||| FLEEEEING.
  7754 | D:10     | 7754 ||| FLEEEEING.
  7755 | D:10     | 7755 ||| FLEEEEING.
  7756 | D:10     | 7756 ||| FLEEEEING.
  7757 | D:10     | 7757 ||| FLEEEEING.
  7758 | D:10     | 7758 ||| FLEEEEING.
  7759 | D:10     | 7759 ||| FLEEEEING.
  7760 | D:10     | 7760 ||| FLEEEEING.
  7761 | D:10     | 7761 ||| FLEEEEING.
  7762 | D:10     | 7762 ||| STAIRDANCE
  7846 | D:10     | 7846 ||| Stepping ~*~*~tactically~*~*~ (stealth).
  7857 | D:10     | 7857 ||| FLEEEEING.
  7858 | D:10     | 7858 ||| FLEEEEING.
  7879 | D:10     | 7879 ||| FLEEEEING.
  7880 | D:10     | 7880 ||| FLEEEEING.
  7881 | D:10     | 7881 ||| FLEEEEING.
  7888 | D:10     | 7888 ||| FLEEEEING.
  7891 | D:10     | 7891 ||| FLEEEEING.
  7893 | D:10     | 7893 ||| STAIRDANCE
  7934 | D:10     | 7934 ||| Stepping ~*~*~tactically~*~*~ (stealth).
  7936 | D:10     | 7936 ||| Stepping ~*~*~tactically~*~*~ (stealth).
  7945 | D:10     | 7945 ||| Stepping ~*~*~tactically~*~*~ (stealth).
  7953 | D:10     | 7953 ||| INVOKING Fiery Armour.
  7957 | D:10     | Reached XP level 11. HP: 97/102 MP: 11/11
  7958 | D:10     | 7958 ||| Stepping ~*~*~tactically~*~*~ (stealth).
  7975 | D:10     | 7975 ||| Stepping ~*~*~tactically~*~*~ (stealth).
  7979 | D:10     | 7979 ||| Stepping ~*~*~tactically~*~*~ (stealth).
  7984 | D:10     | 7984 ||| Stepping ~*~*~tactically~*~*~ (stealth).
  7986 | D:10     | 7986 ||| Stepping ~*~*~tactically~*~*~ (stealth).
  8003 | D:10     | 8003 ||| Stepping ~*~*~tactically~*~*~ (stealth).
  8009 | D:10     | 8009 ||| Stepping ~*~*~tactically~*~*~ (stealth).
  8015 | D:10     | 8015 ||| Stepping ~*~*~tactically~*~*~ (hiding).
  8022 | D:10     | 8022 ||| Stepping ~*~*~tactically~*~*~ (outnumbered).
  8024 | D:10     | 8024 ||| Stepping ~*~*~tactically~*~*~ (outnumbered).
  8025 | D:10     | 8025 ||| Stepping ~*~*~tactically~*~*~ (outnumbered).
  8060 | D:10     | Found a staircase to the Orcish Mines.
  8123 | D:10     | 8123 ||| Stepping ~*~*~tactically~*~*~ (stealth).
  8125 | D:10     | 8125 ||| Stepping ~*~*~tactically~*~*~ (hiding).
  8284 | D:10     | 8284 ||| Stepping ~*~*~tactically~*~*~ (outnumbered).
  8285 | D:10     | 8285 ||| Stepping ~*~*~tactically~*~*~ (outnumbered).
  8287 | D:10     | 8287 ||| Stepping ~*~*~tactically~*~*~ (outnumbered).
  8291 | D:10     | 8291 ||| Stepping ~*~*~tactically~*~*~ (outnumbered).
  8326 | D:10     | Found a transporter.
  8374 | D:10     | Noticed Psyche
  8382 | D:10     | Killed Psyche
  8383 | D:10     | Found a transporter.
  8537 | D:10     | Reached skill level 3 in Throwing
  8763 | D:10     | Found a transporter.
  8780 | D:10     | 8780 ||| READING 5 scrolls of identify.
  8780 | D:10     | 8780 ||| IDENTIFYING murky orange potion
  8781 | D:10     | 8781 ||| READING 4 scrolls of identify.
  8781 | D:10     | 8781 ||| IDENTIFYING puce potion
  8782 | D:10     | 8782 ||| READING 3 scrolls of identify.
  8782 | D:10     | 8782 ||| IDENTIFYING fuming blue potion
  8783 | D:10     | 8783 ||| DROPPING potion of lignification.
  8784 | D:10     | 8784 ||| DROPPING potion of magic.
  8825 | D:11     | Noticed a two-headed ogre
  8831 | D:11     | Killed a two-headed ogre
  8869 | D:11     | 8869 ||| Stepping ~*~*~tactically~*~*~ (stealth).
  9080 | D:11     | 9080 ||| INVOKING Fiery Armour.
  9082 | D:11     | Noticed a boulder beetle
  9104 | D:11     | HP: 25/102 [something (6)]
  9105 | D:11     | 9105 ||| READING 5 scrolls of teleportation.
  9107 | D:11     | HP: 1/102 [boulder beetle (20)]
  9108 | D:11     | Killed a boulder beetle
  9109 | D:11     | Reached skill level 12 in Shields
  9212 | D:11     | 9212 ||| Invisible monster not found???
  9290 | D:11     | Found a staircase to the Lair.
  9292 | D:11     | 9292 ||| Stepping ~*~*~tactically~*~*~ (hiding).
  9293 | D:11     | 9293 ||| Stepping ~*~*~tactically~*~*~ (hiding).
  9584 | D:11     | 9584 ||| PLANNING LAIR
  9584 | D:11     | 9584 ||| UPGRADING to +0 acid dragon scales.
  9594 | D:11     | 9594 ||| READING scroll of enchant armour.
  9594 | D:11     | 9594 ||| ENCHANTING +0 acid dragon scales.
  9595 | D:11     | 9595 ||| READING 3 scrolls of identify.
  9595 | D:11     | 9595 ||| IDENTIFYING cyan potion
  9646 | Lair:1   | Entered Level 1 of the Lair of Beasts
  9655 | Lair:1   | Reached skill level 1 in Armour
  9687 | Lair:1   | Noticed qw's ghost (journeyman TrCA)
  9711 | Lair:1   | Noticed Nergalle
  9712 | Lair:1   | 9712 ||| Stepping ~*~*~tactically~*~*~ (hiding).
  9721 | Lair:1   | 9721 ||| Stepping ~*~*~tactically~*~*~ (outnumbered).
  9724 | Lair:1   | Killed Nergalle
  9791 | Lair:1   | 9791 ||| INVOKING Fiery Armour.
  9796 | Lair:1   | 9796 ||| Stepping ~*~*~tactically~*~*~ (outnumbered).
  9797 | Lair:1   | 9797 ||| Stepping ~*~*~tactically~*~*~ (outnumbered).
  9798 | Lair:1   | 9798 ||| Stepping ~*~*~tactically~*~*~ (outnumbered).
  9805 | Lair:1   | HP: 20/102 [komodo dragon (20)]
  9806 | Lair:1   | 9806 ||| READING 4 scrolls of teleportation.
  9807 | Lair:1   | 9807 ||| DRINKING potion of heal wounds.
  9809 | Lair:1   | 9809 ||| Stepping ~*~*~tactically~*~*~ (outnumbered).
  9809 | Lair:1   | Slain by a cane toad

Levels and vault maps discovered:
D:1:      nzn_arrival_crosshair, layout_loops_corners,
          ebering_ecumenical_altar_abandoned
D:2:      layout_loops_ring, minmay_crystal_room, grunt_ministairs_4,
          hangedman_decor_points, uniq_terence
D:3:      layout_basic, zin_scriptorium, tgw_sif, marbit_many_paths,
          minivault_26, nicolae_figureground_pulse, uniq_jessica
D:4:      cheibrodos_barr_body, layout_basic, amethyst_overflow_temple_binary,
          tgw_kikubaaqudgha, minmay_curled_crystal
D:5:      layout_loops_ring, nicolae_qazlal_style_of_elements,
          minmay_temple_entry_glassed_door, minmay_starry_boxes
D:6:      layout_layer_cave
D:7:      layout_cave_pools, xom_shifter_show, nicolae_ossuary_entry_catacombs
D:8:      layout_rooms
D:9:      layout_rooms, vehumet_statue, st_stairs_10
D:10:     layout_roguey, zombieorc2_lemuel, nicolae_transporter_intersection,
          uniq_psyche
D:11:     layout_basic, erik_lair_orcish_takeover
Lair:1:   layout_roguey, gammafunk_ghost_split, grunt_megastairs_3,
          uniq_nergalle

Skill      XL: |  1  2  3  4  5  6  7  8  9 10 11 |
---------------+----------------------------------+-----
Unarmed Combat | 4 5 7 8 9 11 12 | 12.2
Fighting       | 3 4 5 |  5.0
Dodging        | 1 |  1.2
Shields        | 4 9 12 | 12.3
Throwing       | 1 2 4 |  4.1
Armour         | 2 |  2.3
Spellcasting   | |  1.0
Fire Magic     | |  2.1

Action                   |  1- 3 |  4- 6 |  7- 9 | 10-12 || total
-------------------------+-------+-------+-------+-------++-------
Melee: Unarmed           |    79 |   115 |   183 |   332 ||   709
       Punch             |     1 |     5 |     5 |       ||    11
Throw: Large rock        |       |       |     8 |    35 ||    43
Invok: Fiery Armour      |     1 |       |     6 |     4 ||    11
  Use: Scroll            |     2 |    11 |     4 |     8 ||    25
       Potion            |     1 |     2 |       |     4 ||     7
Armor: Robe              |    18 |    36 |    55 |   112 ||   221
       Acid dragon scale |       |       |       |    10 ||    10
Dodge: Dodged            |    28 |    32 |    33 |    57 ||   150
Block: Other             |       |    11 |    20 |       ||    31
       Reflection        |       |     1 |    10 |     6 ||    17
       Tower shield      |       |       |    29 |   343 ||   372

Table legend:
 A = Non-vault XP
 B = Vault XP
 C = Vault XP percentage of total XP
 D = Non-vault monster count
 E = Vault monster count
 F = Vault count percentage of total count
                 A         B        C        D         E       F
            +---------+---------+-------+---------+---------+-------
      Total |   16694 |    4930 |  22.8 |     230 |      80 |  25.8
            +---------+---------+-------+---------+---------+-------
        D:1 |      21 |       0 |   0.0 |      15 |       0 |   0.0
        D:2 |      58 |      42 |  42.0 |      22 |       3 |  12.0
        D:3 |     110 |      39 |  26.2 |      22 |       2 |   8.3
        D:4 |      22 |     399 |  94.8 |       5 |      11 |  68.8
        D:5 |     577 |     406 |  41.3 |      18 |       9 |  33.3
        D:6 |     986 |       0 |   0.0 |      17 |       0 |   0.0
        D:7 |    1143 |     316 |  21.7 |      23 |       6 |  20.7
        D:8 |     952 |       0 |   0.0 |      21 |       0 |   0.0
        D:9 |    3608 |    1172 |  24.5 |      35 |       4 |  10.3
       D:10 |    3267 |    1247 |  27.6 |      30 |      37 |  55.2
       D:11 |    4477 |     538 |  10.7 |      13 |       7 |  35.0
     Lair:1 |    1473 |     771 |  34.4 |       9 |       1 |  10.0
            +---------+---------+-------+---------+---------+-------
